AoeStats
← sofia sarte

Arabia

506703647Analyzed
1v1 RM · 18d ago on Sep 14, 2026· 32m 0s· 2 players
Game mode
Random Map
Map size
Tiny (2 player)
Population
200
Speed
Normal
Resources
Standard
Victory
Conquest
Starting age
Dark Age
Ending age
Imperial Age
RankedLock teamsTeams togetherTeam positionsShared explorationLock speedFull tech treeHidden civsTurbo modeCheats
Victory
Defeat
🇫🇷 Hindustanis · France
1402
+14
🇨🇱 Persians · Chile
1365
-14
sofia sarte
4:58 Loom
19:16 Feudal Age
24:57 Castle Age
23:53 Bloodlines
23:53 Double-Bit Axe
JuG
6:22 Loom
8:50 Feudal Age
11:49 Double-Bit Axe
27:44 Castle Age
26:53 Fletching
30:25 Scale Barding Armor
Connection lost

Rejoining the realm…

Still unreachable

The connection could not be restored.

Session expired

The server has moved on; the page needs a fresh start.